 Dungeon Crawl Stone Soup version 0.28-a0-1387-g3a22ab9bdc (webtiles) character file.

Game seed: 4720709925237237900

0 rogsnak the Gusty (level 1, 0/13 HPs)
             Began as a Demonspawn Air Elementalist on Jan 2, 2022.
             Slain by a ball python (1 damage)
             ... on level 1 of the Dungeon.
             The game lasted 00:00:41 (135 turns).

rogsnak the Gusty (Demonspawn Air Elementalist)      Turns: 135, Time: 00:00:42

Health: 0/13       AC:  2    Str:  8    XL:     1   Next: 8%
Magic:  0/3        EV: 12    Int: 16    God:
Gold:   0          SH:  0    Dex: 13    Spells: 3/4 levels left

rFire   . . .      SeeInvis .   b - staff of death
rCold   . . .      Faith    .   (no shield)
rNeg    + . .      Spirit   .   a - +0 robe
rPois   .          Reflect  .   (no helmet)
rElec   .          Harm     .   (no cloak)
rCorr   .          Rampage  .   (no gloves)
Will    .....                   (no boots)
Stlth   ++........              (no amulet)
HPRegen 0.04/turn               (no ring)
MPRegen 0.08/turn               (no ring)

@: no status effects
A: no striking features
a: no special abilities


You were on level 1 of the Dungeon.
You visited 1 branch of the dungeon, and saw 1 of its levels.

Inventory:

Armour
 a - a +0 robe (worn)
Magical Staves
 b - a staff of death (weapon)
Scrolls
 c - a scroll of noise {unknown}


   Skills:
 + Level 1.7 Dodging
 - Level 1.7 Stealth
 + Level 2.0 Spellcasting
 * Level 1.0 Conjurations
 + Level 2.7 Air Magic


You had 3 spell levels left.
You knew the following spells:

 Your Spells              Type           Power      Damage    Failure   Level
a - Shock                 Conj/Air       28%        1d4       10%         1

Your spell library contained the following spells:

 Spells                   Type           Power      Damage    Failure   Level
 Static Discharge         Conj/Air       7%         N/A       14%         2
 Swiftness                Air            10%        N/A       21%         3
 Airstrike                Air            5%         N/A       56%         4


Dungeon Overview and Level Annotations

Branches:
Dungeon (1/15)

Altars:


Message History

Aiming: Shock (safe; 10% risk of failure)
Press: ? - help, Shift-Dir - straight line, f/p - hobgoblin
Aim: a hobgoblin (severely wounded, 68% to hit)
The zap hits the hobgoblin but does no damage.
The hobgoblin is severely wounded.
Unknown command.
Unknown command.
A ball python and a kobold come into view.
You closely miss the hobgoblin.
The hobgoblin is severely wounded.
The hobgoblin hits you.
You closely miss the hobgoblin.
The hobgoblin is severely wounded.
The hobgoblin hits you. x2
* * * LOW HITPOINT WARNING * * *
The ball python bites you.
* * * LOW HITPOINT WARNING * * *
The ball python closely misses you.
Casting: Shock (safe; 10% risk of failure)
Confirm with . or Enter, or press ? or * to list all spells.
You don't have enough magic to cast this spell.
Unknown command.
Unknown command.
Casting: Shock (safe; 10% risk of failure)
Confirm with . or Enter, or press ? or * to list all spells.
Aiming: Shock (safe; 10% risk of failure)
Press: ? - help, Shift-Dir - straight line, p - hobgoblin The zap misses the ball python.
The zap misses the hobgoblin.
The ball python barely misses you. The ball python closely misses you.
The ball python barely misses you. The ball python grabs you.
The ball python constricts you.
Unknown command.
Unknown command.
Unknown command.
You escape the ball python's grasp.
Press: ? - help, v - describe, . - travel A rock wall.
Unknown command.
You barely miss the ball python. The ball python bites you.
You die...

#.#.#.#.#.#.#.##.##
........##.#
.#.#.#.#...#
...........#
.#.#.#.#.#..#
..........#.#
.#.#.#.#.#.#.#
.......)..##.#
#.#.#.#.#.#gS@.#
......[.....#####
#.#.#.#.#.#.#
.........##
.#.#.#.#.#.#
..........##
.#.#.#.#.#
.........##
##.##...##


You could see a hobgoblin and a ball python.

Vanquished Creatures
  A ball python (D:1)
1 creature vanquished.

Notes
Turn   | Place    | Note
-------+----------+-------------------------------------------
     0 | D:1      | rogsnak the Demonspawn Air Elementalist began the quest for
                  | the Orb.
     0 | D:1      | Reached XP level 1. HP: 13/13 MP: 3/3
   135 | D:1      | Slain by a ball python

Illustrated notes

Levels and vault maps discovered:
D:1:      dpeg_arrival_shelter, layout_loops_corners,
          shapermc_ecumenical_altar_venn, minmay_misc_feat_tower,
          amcnicky_mini_rare_corridor_liquid, hex_large,
          chequers_serial_rivers_small_3, minmay_misc_feat_doors

Action                   || total
-------------------------++-------
Melee: Staff             ||     3
 Cast: Shock             ||     6
Dodge: Dodged            ||     4

Table legend: (Time is in decaauts)
 A = Elapsed time spent in this place.
 B = Non-inter-level travel time spent in this place.
 C = Inter-level travel time spent in this place.
 D = Time resting spent in this place.
 E = Time spent auto-exploring this place.
 F = Levels seen in this place.
 G = Mean time per level.
                   A        B        C        D        E       F      G
               +--------+--------+--------+--------+--------+-----+--------+
         Total |    134 |    134 |      0 |     25 |     76 |   1 |  134.0 |
       Dungeon |    134 |    134 |      0 |     25 |     76 |   1 |  134.0 |
               +--------+--------+--------+--------+--------+-----+--------+

Top non-repeatable levels by time:
     D:1: 134 daAuts
